 Dungeon Crawl Stone Soup version 0.21.0-37-g46506fa (webtiles) character file.

81 gyp21 the Magician (level 4, -5/32 HPs)
             Began as a Mummy Fire Elementalist on Feb 1, 2018.
             Splashed by Ijyb's acid (6 damage)
             ... on level 3 of the Dungeon.
             The game lasted 00:06:51 (3860 turns).

gyp21 the Magician (Mummy Fire Elementalist)        Turns: 3860, Time: 00:06:52

Health: -5/32      AC: -5    Str: 11    XL:     4   Next: 19%
Magic:  6/9        EV: 12    Int: 15    God:
Gold:   101        SH:  0    Dex: 12    Spells: 5/10 levels left

rFire    x . .     SeeInvis .   f - +3 mace
rCold    + . .     Gourm    .   (no shield)
rNeg     + + +     Faith    .   a - +0 robe
rPois    ∞         Spirit   .   (no helmet)
rElec    .         Reflect  .   (no cloak)
rCorr    .         Harm     .   h - +0 pair of gloves
MR       .....                  (no boots)
Stlth    ++........             (no amulet)
HPRegen  0.10/turn              (no ring)
MPRegen  0.11/turn              (no ring)

@: corroded
A: no food or potions, fire vulnerability, cold resistance 1, negative energy
resistance 3, torment resistance, unbreathing
a: no special abilities


You were on level 3 of the Dungeon.
You were not hungry.

You visited 1 branch of the dungeon, and saw 3 of its levels.

You collected 101 gold pieces.

Inventory:

Hand Weapons
 f - a +3 mace (weapon)
 l - a +0 hand crossbow
Armour
 a - a +0 robe (worn)
 h - a +0 pair of gloves (worn)
Scrolls
 c - 2 scrolls of remove curse {unknown}
 d - a scroll of random uselessness {unknown}
 e - a scroll of fog {unknown}
 g - 2 scrolls of teleportation {unknown}
 i - 3 scrolls of identify {unknown}
 j - a scroll of blinking {unknown}
 k - a scroll of enchant weapon {unknown}
Books
 b - a book of Flames

   Spells                             Type                      Level
   a - Flame Tongue                   Conjuration/Fire             1
   b - Throw Flame                    Conjuration/Fire             2
   c - Conjure Flame                  Conjuration/Fire             3
   d - Inner Flame                    Hexes/Fire                   3
   e - Sticky Flame                   Conjuration/Fire             4
   f - Fireball                       Conjuration/Fire             5


   Skills:
 + Level 1.5 Fighting
 + Level 2.1 Dodging
 - Level 1.5 Stealth
 + Level 3.5 Spellcasting
 + Level 1.5 Conjurations
 + Level 2.8 Fire Magic


You had 5 spell levels left.
You knew the following spells:

 Your Spells              Type           Power        Failure   Level  Hunger
a - Flame Tongue          Conj/Fire      #....        8%          1    N/A
b - Sticky Flame          Conj/Fire      #.......     61%         4    N/A

Dungeon Overview and Level Annotations

Branches:
Dungeon (3/15)

Altars:
Nemelex Xobeh

Annotations:
D:3 Ijyb


Innate Abilities, Weirdness & Mutations

You do not eat or drink.
Your flesh is vulnerable to fire.
You are immune to poison.
Your flesh is cold resistant. (rC+)
You are immune to negative energy. (rN+++)
You are immune to unholy pain and torment.
You can survive without breathing.


Message History

Aim: Ijyb, wearing a leather armour The flame tongue hits Ijyb.
Ijyb appears unharmed.
Ijyb hits you.
Casting: Flame Tongue
Confirm with . or Enter, or press ? or * to list all spells.
Aiming: Flame Tongue
Press: ? - help, Shift-Dir - straight line, f/p - Ijyb
Aim: Ijyb, wearing a leather armour The flame tongue hits Ijyb.
Ijyb is lightly wounded.
Ijyb zaps a wand.
The bolt of acid hits you! The acid corrodes you!
You are splashed with acid!
The acid burns!
It is a wand of acid (7).
Casting: Flame Tongue
Confirm with . or Enter, or press ? or * to list all spells.
Aiming: Flame Tongue
Press: ? - help, Shift-Dir - straight line, f/p - Ijyb
Aim: Ijyb, wearing a leather armour and carrying a wand of acid (7) (lightly wounded)
The flame tongue misses Ijyb.
Ijyb zaps a wand.
The bolt of acid hits you!
* * * LOW HITPOINT WARNING * * *
The acid corrodes you!
You are splashed with acid!
The acid burns!
You die...

#. ....... # #.#.##.#
..).#.##.# ....#..#.#
#....##.#.# +....##.#.#
#....##...# ....##...#
######g...##...#
#....@# #.###..#
#.###.###.###..#
#.##......>#
#.##.......#######
..###.....(..........#
..................###.#
.(#######.......#.###
#..........#.##.#..
#......###.#.##.#.#


You could see Ijyb.

Vanquished Creatures
  An adder (D:3)
  3 worms
  4 dart slugs
  2 leopard geckos
  3 giant cockroaches
  5 goblins
  4 hobgoblins
  7 jackals
  5 bats
  A frilled lizard (D:2)
  8 kobolds
  9 rats
52 creatures vanquished.

Vanquished Creatures (others)
  5 toadstools (D:1)
5 creatures vanquished.

Grand Total: 57 creatures vanquished

Notes
Turn   | Place    | Note
-------+----------+-------------------------------------------
     0 | D:1      | gyp21 the Mummy Fire Elementalist began the quest for the Orb.
     0 | D:1      | Reached XP level 1. HP: 13/13 MP: 4/4
   789 | D:1      | Reached skill level 1 in Conjurations
  1069 | D:1      | Reached XP level 2. HP: 20/20 MP: 5/5
  1777 | D:1      | Reached skill level 3 in Spellcasting
  2044 | D:1      | Reached skill level 1 in Fighting
  2118 | D:1      | Reached XP level 3. HP: 26/26 MP: 7/7
  3083 | D:2      | Found a sparkling altar of Nemelex Xobeh.
  3583 | D:2      | Reached XP level 4. HP: 32/32 MP: 5/9
  3589 | D:2      | Learned a level 4 spell: Sticky Flame
  3856 | D:3      | Noticed Ijyb
  3860 | D:3      | HP: 1/32 [Ijyb/wand of acid (7) (10)]
  3860 | D:3      | Splashed by Ijyb's acid

Skill      XL: |  1  2  3 |
---------------+----------+-----
Conjurations   | 1 |  1.5
Spellcasting   | 3 |  3.5
Fighting       | 1 |  1.5
Dodging        | 2 |  2.1
Stealth        | |  1.5
Fire Magic     | |  2.8

Action                   |  1- 3 |  4- 6 || total
-------------------------+-------+-------++-------
Melee: Whip              |     9 |       ||     9
       Mace              |    66 |     3 ||    69
 Cast: Flame Tongue      |    46 |     7 ||    53
 Stab: Sleeping          |     4 |     1 ||     5
Armor: Robe              |    25 |       ||    25
Dodge: Dodged            |    89 |     2 ||    91
